TOP OF THE 1ST |
Oakland Oaks batting - Pitching for Ft. Worth Cattlemen : RHP Robbie Baxter
|
Pitching: RHP Robbie Baxter
|
|
Batting: RHB Yehonatan Chazan
|
0-0: SOLO HOME RUN (Flyball, 7LD), Distance : 373 ft
|
Batting: RHB Colin O'Connell
|
0-0: Ball 1-0: Fly out, F9 (Flyball, 9)
|
Batting: LHB Obidiah Lewis
|
0-0: Ball 1-0: Ball 2-0: Ball 3-0: Called Strike 3-1: Base on Balls
|
Batting: RHB Alfonso Nazario
|
0-0: Foul Ball, location: 2F 0-1: Ball 1-1: Called Strike 1-2: Strikes out looking
|
Batting: SHB Luis Luquín
|
0-0: Ball 1-0: Ball 2-0: Foul Ball, location: 2F 2-1: Called Strike 2-2: Ball 3-2: Base on Balls Obidiah Lewis to second
|
Batting: RHB Juan Alcocer
|
0-0: Ball 1-0: Foul Ball, location: 2F 1-1: Ball 2-1: Foul Ball, location: 2F 2-2: Ball 3-2: Base on Balls Obidiah Lewis to third Luis Luquín to second
|
Batting: RHB Joseph Papasogli
|
0-0: Called Strike 0-1: Ball 1-1: Foul Ball, location: 2F 1-2: DOUBLE (Popup, 6D) Obidiah Lewis scores Luis Luquín scores Juan Alcocer to third
|
Batting: RHB Randy Contreras
|
0-0: Ball 1-0: Called Strike 1-1: Ball 2-1: Foul Ball, location: 2F 2-2: Foul Ball, location: 2F 2-2: Ball 3-2: Base on Balls
|
Batting: RHB Esteban Vázquez
|
0-0: Called Strike 0-1: Foul Ball, location: 2F 0-2: Strikes out swinging
|
Top of the 1st over - 3 runs, 2 hits, 0 errors, 3 left on base; Oakland 3 - Ft. Worth 0 |
BOTTOM OF THE 1ST |
Ft. Worth Cattlemen batting - Pitching for Oakland Oaks : RHP Dave Stephenson
|
Pitching: RHP Dave Stephenson
|
|
Batting: LHB Jesús Morales
|
0-0: Called Strike 0-1: Ball 1-1: Ball 2-1: TRIPLE (Flyball, 89XD)
|
Batting: SHB Roberto Mosca
|
0-0: Ball 1-0: Foul Ball, location: 2F 1-1: SINGLE (Groundball, 4MD) Jesús Morales scores
|
Batting: RHB Bart Lewis
|
0-0: Ball Roberto Mosca steals 2nd base 1-0: Ball 2-0: SINGLE (Line Drive, 34D) Roberto Mosca to third
|
Batting: LHB Rick Mayfield
|
0-0: Called Strike 0-1: Foul Ball, location: 2F 0-2: Ball 1-2: Ball 2-2: Grounds into double play, 1-6-3 (Groundball, 13)
|
Batting: RHB Juan Cabrera
|
0-0: SINGLE (Groundball, 4MD) Roberto Mosca scores
|
Batting: RHB António Pérez
|
0-0: Called Strike 0-1: Called Strike 0-2: Ball 1-2: Fly out, F9 (Flyball, 9S)
|
Bottom of the 1st over - 2 runs, 4 hits, 0 errors, 1 left on base; Oakland 3 - Ft. Worth 2 |
TOP OF THE 2ND |
Oakland Oaks batting - Pitching for Ft. Worth Cattlemen : RHP Robbie Baxter
|
Batting: RHB Yehonatan Chazan
|
0-0: Ball 1-0: Ball 2-0: Ball 3-0: Called Strike 3-1: SOLO HOME RUN (Flyball, 7LD), Distance : 352 ft
|
Batting: RHB Colin O'Connell
|
0-0: Called Strike 0-1: Foul Ball, location: 2F 0-2: Ball 1-2: Strikes out looking
|
Batting: LHB Obidiah Lewis
|
0-0: DOUBLE (Line Drive, 9LD)
|
Batting: RHB Alfonso Nazario
|
0-0: SINGLE (Line Drive, 6MD) Obidiah Lewis to third Runner from 3rd tries for Home, SAFE, no throw
|
Batting: SHB Luis Luquín
|
0-0: Called Strike 0-1: Called Strike 0-2: Strikes out swinging
|
Batting: RHB Juan Alcocer
|
0-0: Ball 1-0: Fly out, F7 (Line Drive, 78D)
|
Top of the 2nd over - 2 runs, 3 hits, 0 errors, 1 left on base; Oakland 5 - Ft. Worth 2 |
BOTTOM OF THE 2ND |
Ft. Worth Cattlemen batting - Pitching for Oakland Oaks : RHP Dave Stephenson
|
Batting: RHB Armando Chamú
|
0-0: Called Strike 0-1: Ground out 5-3 (Groundball, 56S)
|
Batting: SHB Mitch Qualtrough
|
0-0: Fly out, F7 (Flyball, 7LM)
|
Batting: RHB Keiran Calleson
|
0-0: Ball 1-0: Foul Ball, location: 2F 1-1: Ball 2-1: Ball 3-1: SINGLE (Line Drive, 34D)
|
Batting: LHB Jesús Morales
|
0-0: Ball 1-0: Called Strike 1-1: Ball 2-1: Fly out, F9 (Flyball, 9)
|
Bottom of the 2nd over - 0 runs, 1 hit, 0 errors, 1 left on base; Oakland 5 - Ft. Worth 2 |
TOP OF THE 3RD |
Oakland Oaks batting - Pitching for Ft. Worth Cattlemen : RHP Robbie Baxter
|
Batting: RHB Joseph Papasogli
|
0-0: Ball 1-0: SINGLE (Groundball, 6MD)
|
Batting: RHB Randy Contreras
|
0-0: Ball 1-0: Swinging Strike 1-1: Ball Joseph Papasogli is caught stealing 2nd base 2-1: Called Strike 2-2: Ball 3-2: Ground out 3-1 (Groundball, 34)
|
Batting: RHB Esteban Vázquez
|
0-0: Ball 1-0: Ball 2-0: Swinging Strike 2-1: Ball 3-1: Foul Ball, location: 2F 3-2: Ground out U3 (Groundball, 3S)
|
Top of the 3rd over - 0 runs, 1 hit, 0 errors, 0 left on base; Oakland 5 - Ft. Worth 2 |
BOTTOM OF THE 3RD |
Ft. Worth Cattlemen batting - Pitching for Oakland Oaks : RHP Dave Stephenson
|
Batting: SHB Roberto Mosca
|
0-0: Ground out U3 (Groundball, 3)
|
Batting: RHB Bart Lewis
|
0-0: Called Strike 0-1: Ball 1-1: Swinging Strike 1-2: Foul Ball, location: 2F 1-2: Ball 2-2: Strikes out swinging
|
Batting: LHB Rick Mayfield
|
0-0: Ground out U3 (Groundball, 3)
|
Bottom of the 3rd over - 0 runs, 0 hits, 0 errors, 0 left on base; Oakland 5 - Ft. Worth 2 |
TOP OF THE 4TH |
Oakland Oaks batting - Pitching for Ft. Worth Cattlemen : RHP Robbie Baxter
|
Batting: RHB Yehonatan Chazan
|
0-0: Ball 1-0: Foul Ball, location: 2F 1-1: Foul Ball, location: 2F 1-2: Foul Ball, location: 2F 1-2: SOLO HOME RUN (Line Drive, 7LD), Distance : 349 ft
|
Batting: RHB Colin O'Connell
|
0-0: Foul Ball, location: 2F 0-1: Fly out, F6 (Popup, 6MS)
|
Batting: LHB Obidiah Lewis
|
0-0: Called Strike 0-1: Called Strike 0-2: Ball 1-2: Ball 2-2: SINGLE (Groundball, 56D)
|
Batting: RHB Alfonso Nazario
|
0-0: Called Strike 0-1: Ball 1-1: Ball 2-1: Foul Ball, location: 2F 2-2: SINGLE (Line Drive, 6M) Obidiah Lewis to second
|
Batting: SHB Luis Luquín
|
0-0: Called Strike 0-1: Ball 1-1: Called Strike 1-2: Fielders Choice at 2nd, 4-6 (Groundball, 4) Obidiah Lewis to third
|
Batting: RHB Juan Alcocer
|
0-0: Called Strike 0-1: Ground out 6-3 (Groundball, 6S)
|
Top of the 4th over - 1 run, 3 hits, 0 errors, 2 left on base; Oakland 6 - Ft. Worth 2 |
BOTTOM OF THE 4TH |
Ft. Worth Cattlemen batting - Pitching for Oakland Oaks : RHP Dave Stephenson
|
Batting: RHB Juan Cabrera
|
0-0: Ball 1-0: Called Strike 1-1: Ball 2-1: DOUBLE (Groundball, 5L)
|
Pinch Runner at 2nd Juan Aguirre:
|
|
Batting: RHB António Pérez
|
0-0: Swinging Strike 0-1: Ground out 6-3 (Groundball, 6)
|
Batting: RHB Armando Chamú
|
0-0: Ground out 6-3 (Groundball, 56)
|
Batting: SHB Mitch Qualtrough
|
0-0: Ball 1-0: Swinging Strike 1-1: Ball 2-1: Foul Ball, location: 2F 2-2: Foul Ball, location: 2F 2-2: Foul Ball, location: 2F 2-2: Foul Ball, location: 2F 2-2: Foul Ball, location: 2F 2-2: Foul Ball, location: 2F 2-2: Reached on error, E6 (Groundball, 6) Juan Aguirre scores
|
Batting: RHB Keiran Calleson
|
0-0: Ball 1-0: Ground out 5-3 (Groundball, 56)
|
Bottom of the 4th over - 1 run, 1 hit, 1 error, 1 left on base; Oakland 6 - Ft. Worth 3 |
TOP OF THE 5TH |
Oakland Oaks batting - Pitching for Ft. Worth Cattlemen : RHP Robbie Baxter
|
Now at 2B: Juan Aguirre
|
|
Batting: RHB Joseph Papasogli
|
0-0: Called Strike 0-1: Ball 1-1: Ball 2-1: SINGLE (Groundball, 56D)
|
Pitching: RHP Mack MacDonald
|
|
Batting: RHB Randy Contreras
|
0-0: Ball 1-0: Called Strike 1-1: Foul Ball, location: 2F 1-2: Ball 2-2: Strikes out looking
|
Batting: RHB Esteban Vázquez
|
0-0: Called Strike 0-1: Ball 1-1: Swinging Strike 1-2: Ball 2-2: Foul Ball, location: 2F 2-2: Strikes out swinging
|
Batting: RHB Yehonatan Chazan
|
0-0: Called Strike Joseph Papasogli steals 2nd base 0-1: Foul Ball, location: 2F 0-2: Ball 1-2: Ball 2-2: Ball 3-2: Base on Balls
|
Batting: RHB Colin O'Connell
|
0-0: Ball 1-0: Ball 2-0: DOUBLE (Flyball, 78D) Joseph Papasogli scores Yehonatan Chazan to third Runner from 3rd tries for Home, SAFE, no throw
|
Batting: LHB Obidiah Lewis
|
0-0: Foul Ball, location: 2F 0-1: Foul Ball, location: 2F 0-2: Fly out, F9 (Flyball, 9)
|
Top of the 5th over - 2 runs, 2 hits, 0 errors, 1 left on base; Oakland 8 - Ft. Worth 3 |
BOTTOM OF THE 5TH |
Ft. Worth Cattlemen batting - Pitching for Oakland Oaks : RHP Dave Stephenson
|
Batting: LHB Jesús Morales
|
0-0: Called Strike 0-1: Foul Ball, location: 2F 0-2: Foul Ball, location: 2F 0-2: Foul Ball, location: 2F 0-2: Strikes out swinging
|
Batting: SHB Roberto Mosca
|
0-0: Ball 1-0: Ball 2-0: Ball 3-0: Base on Balls
|
Batting: RHB Bart Lewis
|
0-0: Called Strike 0-1: Called Strike 0-2: Foul Ball, location: 2F 0-2: DOUBLE (Line Drive, 7LM) Roberto Mosca to third Runner from 3rd tries for Home, SAFE, no throw
|
Batting: LHB Rick Mayfield
|
0-0: Ball 1-0: Ball 2-0: Foul Ball, location: 2F 2-1: Ball 3-1: Base on Balls
|
Batting: RHB Juan Aguirre
|
0-0: Called Strike 0-1: Ball 1-1: Called Strike 1-2: Grounds into double play, 6-4-3 (Groundball, 6)
|
Bottom of the 5th over - 1 run, 1 hit, 0 errors, 1 left on base; Oakland 8 - Ft. Worth 4 |
TOP OF THE 6TH |
Oakland Oaks batting - Pitching for Ft. Worth Cattlemen : RHP Mack MacDonald
|
Batting: RHB Alfonso Nazario
|
0-0: Ball 1-0: DOUBLE (Line Drive, 78D)
|
Batting: SHB Luis Luquín
|
0-0: Intentional Walk
|
Batting: RHB Juan Alcocer
|
0-0: Bunted foul 0-1: Ball 1-1: Bunt missed! 1-2: Ball 2-2: Foul Ball, location: 2F 2-2: Grounds into double play, 6-4-3 (Groundball, 6) Alfonso Nazario to third
|
Batting: RHB Joseph Papasogli
|
0-0: Ball 1-0: Swinging Strike 1-1: Foul Ball, location: 2F 1-2: Ball 2-2: Ball 3-2: Foul Ball, location: 2F 3-2: SINGLE (Line Drive, 8LS) Alfonso Nazario scores
|
Batting: RHB Randy Contreras
|
0-0: Called Strike 0-1: Ball 1-1: Ball 2-1: Called Strike Pickoff Throw to First - Error! E1 Joseph Papasogli to second 2-2: Ball 3-2: Base on Balls
|
Batting: RHB Esteban Vázquez
|
0-0: Ball 1-0: Called Strike 1-1: Foul Ball, location: 2F 1-2: Strikes out looking
|
Top of the 6th over - 1 run, 2 hits, 1 error, 2 left on base; Oakland 9 - Ft. Worth 4 |
BOTTOM OF THE 6TH |
Ft. Worth Cattlemen batting - Pitching for Oakland Oaks : RHP Dave Stephenson
|
Batting: RHB António Pérez
|
0-0: Ball 1-0: Ground out 6-3 (Groundball, 6)
|
Batting: RHB Armando Chamú
|
0-0: Ball 1-0: Ground out 5-3 (Groundball, 5L)
|
Batting: SHB Mitch Qualtrough
|
0-0: Ball 1-0: Ball 2-0: Ground out 5-3 (Groundball, 56)
|
Bottom of the 6th over - 0 runs, 0 hits, 0 errors, 0 left on base; Oakland 9 - Ft. Worth 4 |
TOP OF THE 7TH |
Oakland Oaks batting - Pitching for Ft. Worth Cattlemen : RHP Mack MacDonald
|
Batting: RHB Yehonatan Chazan
|
0-0: Ball 1-0: Ball 2-0: Swinging Strike 2-1: Ball 3-1: Base on Balls
|
Batting: RHB Colin O'Connell
|
0-0: SINGLE (Flyball, 78S) Yehonatan Chazan to second
|
Batting: LHB Obidiah Lewis
|
0-0: Ball Yehonatan Chazan steals 3rd base 1-0: Called Strike 1-1: Ground out 4-3 (Groundball, 4) Colin O'Connell to second
|
Batting: RHB Alfonso Nazario
|
0-0: Foul Ball, location: 2F 0-1: Ground out 5-3 (Groundball, 56)
|
Batting: SHB Luis Luquín
|
0-0: Ball 1-0: Called Strike 1-1: Ball 2-1: Ground out 6-3 (Groundball, 6M)
|
Top of the 7th over - 0 runs, 1 hit, 0 errors, 2 left on base; Oakland 9 - Ft. Worth 4 |
BOTTOM OF THE 7TH |
Ft. Worth Cattlemen batting - Pitching for Oakland Oaks : RHP Dave Stephenson
|
Batting: RHB Keiran Calleson
|
0-0: Swinging Strike 0-1: Ball 1-1: Ball 2-1: Ball 3-1: Called Strike 3-2: Ground out 4-3 (Groundball, 4)
|
Batting: LHB Jesús Morales
|
0-0: Ball 1-0: Swinging Strike 1-1: Ball 2-1: Ball 3-1: Foul Ball, location: 2F 3-2: Foul Ball, location: 2F 3-2: Strikes out swinging
|
Batting: SHB Roberto Mosca
|
0-0: Ball 1-0: Swinging Strike 1-1: Ground out 5-3 (Groundball, 5)
|
Bottom of the 7th over - 0 runs, 0 hits, 0 errors, 0 left on base; Oakland 9 - Ft. Worth 4 |
TOP OF THE 8TH |
Oakland Oaks batting - Pitching for Ft. Worth Cattlemen : RHP Mack MacDonald
|
Batting: RHB Juan Alcocer
|
0-0: Ground out 6-3 (Groundball, 6)
|
Batting: RHB Joseph Papasogli
|
0-0: Ball 1-0: Ball 2-0: Ball 3-0: Called Strike 3-1: Base on Balls
|
Pitching: RHP Folkert van Huizen
|
|
Batting: RHB Randy Contreras
|
0-0: Called Strike 0-1: Ball 1-1: Ball 2-1: 2-RUN HOME RUN (Flyball, 78XD), Distance : 417 ft
|
Batting: RHB Esteban Vázquez
|
0-0: Ball 1-0: Ball 2-0: Called Strike 2-1: SINGLE (Groundball, 56D)
|
Batting: RHB Yehonatan Chazan
|
0-0: Called Strike Esteban Vázquez steals 2nd base 0-1: Ball 1-1: Ball 2-1: Ball 3-1: Base on Balls
|
Batting: RHB Colin O'Connell
|
0-0: Called Strike 0-1: Ball Esteban Vázquez steals 3rd base Yehonatan Chazan to second 1-1: Swinging Strike 1-2: Fly out, F7 (Flyball, 78M) Runner from 3rd tags up, SCORES, no throw
|
Batting: LHB Obidiah Lewis
|
0-0: Ball 1-0: 2-RUN HOME RUN (Flyball, 89XD), Distance : 426 ft
|
Batting: RHB Alfonso Nazario
|
0-0: Called Strike 0-1: Foul Ball, location: 2F 0-2: Ball 1-2: Strikes out swinging
|
Top of the 8th over - 5 runs, 3 hits, 0 errors, 0 left on base; Oakland 14 - Ft. Worth 4 |
BOTTOM OF THE 8TH |
Ft. Worth Cattlemen batting - Pitching for Oakland Oaks : RHP Dave Stephenson
|
Pitching: RHP Miguel Cabañas
|
|
Now in RF: Armando Rodríguez
|
|
Batting: RHB Bart Lewis
|
0-0: Ball 1-0: Ball 2-0: Ball 3-0: Base on Balls
|
Batting: LHB Rick Mayfield
|
0-0: Foul Ball, location: 2F 0-1: 2-RUN HOME RUN (Flyball, 9D), Distance : 394 ft
|
Batting: RHB Juan Aguirre
|
0-0: Ball 1-0: Ball 2-0: SOLO HOME RUN (Flyball, 7LD), Distance : 345 ft
|
Batting: RHB António Pérez
|
0-0: Ball 1-0: Called Strike 1-1: Swinging Strike 1-2: Ground out 6-3 (Groundball, 6)
|
Batting: RHB Armando Chamú
|
0-0: Called Strike 0-1: Foul Ball, location: 2F 0-2: Strikes out looking
|
Batting: SHB Mitch Qualtrough
|
0-0: Swinging Strike 0-1: Ball 1-1: Ground out U3 (Groundball, 3)
|
Bottom of the 8th over - 3 runs, 2 hits, 0 errors, 0 left on base; Oakland 14 - Ft. Worth 7 |
TOP OF THE 9TH |
Oakland Oaks batting - Pitching for Ft. Worth Cattlemen : RHP Folkert van Huizen
|
Pitching: RHP Gojong Joseon
|
|
Batting: SHB Luis Luquín
|
0-0: Fly out, F9 (Flyball, 9D)
|
Batting: RHB Juan Alcocer
|
0-0: Ball 1-0: SINGLE (Groundball, 4D)
|
Batting: RHB Joseph Papasogli
|
0-0: Called Strike 0-1: SINGLE (Flyball, 89S) Juan Alcocer to second
|
Batting: RHB Randy Contreras
|
0-0: Fielders Choice at 2nd, 5-4 (Groundball, 56) Juan Alcocer to third
|
Batting: RHB Esteban Vázquez
|
0-0: Ball 1-0: Ball 2-0: Ball 3-0: Called Strike 3-1: Called Strike 3-2: Fly out, F7 (Flyball, 7D)
|
Top of the 9th over - 0 runs, 2 hits, 0 errors, 2 left on base; Oakland 14 - Ft. Worth 7 |
BOTTOM OF THE 9TH |
Ft. Worth Cattlemen batting - Pitching for Oakland Oaks : RHP Miguel Cabañas
|
Batting: RHB Keiran Calleson
|
0-0: Foul Ball, location: 2F 0-1: Swinging Strike 0-2: Ball 1-2: Ball 2-2: Ball 3-2: SINGLE (Line Drive, 6MD)
|
Batting: LHB Jesús Morales
|
0-0: Ball 1-0: Ball 2-0: Ball 3-0: Base on Balls Keiran Calleson to second
|
Batting: SHB Roberto Mosca
|
0-0: Called Strike 0-1: SINGLE (Groundball, 56D) Keiran Calleson to third Jesús Morales to second
|
Batting: RHB Bart Lewis
|
0-0: Foul Ball, location: 2F 0-1: Ball 1-1: Foul Ball, location: 2F 1-2: Ground out 4-3 (Groundball, 4S) Keiran Calleson scores Jesús Morales to third Roberto Mosca to second
|
Pitching: RHP Júlio Rodríguez
|
|
Batting: LHB Rick Mayfield
|
0-0: Foul Ball, location: 2F 0-1: Ground out 6-3 (Groundball, 6MS) Jesús Morales scores Roberto Mosca to third
|
Batting: RHB Juan Aguirre
|
0-0: Ground out 5-3 (Groundball, 56)
|
Bottom of the 9th over - 2 runs, 2 hits, 0 errors, 1 left on base; Oakland 14 - Ft. Worth 9 |
|